 Dungeon Crawl Stone Soup version 0.31-a0-1343-gcd514f47d3 (webtiles) character file.

Game seed: 12911805492095208481

30 Amplified the Ducker (level 3, 0/29 HPs)
             Began as a Minotaur Alchemist on Dec 22, 2023.
             Shot with a sling bullet by a goblin (4 damage)
             ... led by Robin
             ... on level 2 of the Dungeon.
             The game lasted 00:01:46 (1166 turns).

Amplified the Ducker (Minotaur Alchemist)           Turns: 1166, Time: 00:01:46

Health: 0/29       AC:  7    Str: 12 (14) XL:     3   Next: 3%
Magic:  4/4        EV:  9    Int: 11 (12) God:
Gold:   63         SH:  5    Dex:  8 (10) Spells: 3/4 levels left

rFire   . . .        f - +0 whip
rCold   . . .        (no shield)
rNeg    . . .        g - +0 scale mail
rPois   .            (helmet restricted)
rElec   .            (no cloak)
rCorr   .            (no gloves)
SInv    .            l - +0 pair of boots
Will    +....        a - amulet of reflection Stlth
                     (no ring)
HPRegen 0.24/turn    (no ring)
MPRegen 0.09/turn

%: reflection
@: enlightened, flying
A: horns 2, retaliatory headbutt
a: no special abilities


You were on level 2 of the Dungeon.
You visited 1 branch of the dungeon, and saw 2 of its levels.

You collected 63 gold pieces.

Inventory:

Hand Weapons
 f - a +0 whip (weapon)
Armour
 g - a +0 scale mail (worn)
 l - a +0 pair of boots (worn)
Jewellery
 a - an amulet of reflection (around neck)
 h - a ring of resist corrosion
 m - an amulet of regeneration
Potions
 b - a potion of magic
 k - a potion of degeneration


   Skills:
 * Level 1.8 Fighting
 * Level 1.3 Maces & Flails
 * Level 1.7 Armour
 - Level 2.1 Dodging
 - Level 1.5 Stealth
 * Level 1.4 Spellcasting
 - Level 0.6 Conjurations
 - Level 2.1 Alchemy


You had 3 spell levels left.
You knew the following spells:

 Your Spells              Type           Power      Damage    Failure   Level
a - Sting                 Conj/Alch      12%        1d3       65%         1

Your spell library contained the following spells:

 Spells                   Type           Power      Damage    Failure   Level
 Mercury Vapours          Alch/Air       6%         N/A       83%         2
 Mephitic Cloud           Conj/Alch/Air  2%         N/A       97%         3
 Frozen Ramparts          Ice            0%         1d1       99%         3
 Leda's Liquefaction      Alch/Erth      1%         N/A       100%        4
 Olgreb's Toxic Radiance  Alch           5%         N/A       100%        4
 Petrify                  Alch/Erth      3%         N/A       100%        4
 Sticky Flame             Fire/Alch      3%         2d4       100%        4
 Metabolic Englaciation   Hex/Ice        0%         N/A       100%        5


Dungeon Overview and Level Annotations

Branches:
Dungeon (2/15)

Altars:

Annotations:
D:2 Robin, Terence


Innate Abilities, Weirdness & Mutations

You have a pair of horns on your head.
You reflexively headbutt those who attack you in melee.


Message History

The goblin hits you with a +0 club.
* * * LOW HITPOINT WARNING * * *
You block the goblin's attack. The goblin attacks as it pursues you!
The goblin hits you but does no damage.
Unknown command.
You aren't carrying any scrolls.
Unknown command.
Okay, then.
Unknown command.
Unknown command.
The goblin completely misses you. The goblin attacks as it pursues you!
The goblin hits you but does no damage. The goblin attacks as it pursues you!
The goblin barely misses you.
The goblin unwields a +2 dagger of holy wrath.
It stops glowing.
The goblin wields a +0 sling.
The goblin shoots a sling bullet.
The sling bullet hits you.
* * * LOW HITPOINT WARNING * * *
Unknown command.
Okay, then.
You aren't carrying any items that you can evoke.
Unknown command.
You aren't carrying any scrolls.
Unknown command.
Sorry, you're not good enough to have a special ability.
Unknown command.
The goblin attacks as it pursues you! The goblin hits you with a +0 club.
* * * LOW HITPOINT WARNING * * *
Unknown command.
You barely miss the goblin. Your headbutt misses the goblin.
The goblin hits you but does no damage.
Unknown command.
You aren't carrying any scrolls.
Unknown command.
You hit the goblin but do no damage. Your headbutt misses the goblin.
The goblin barely misses you.
Unknown command.
You hit the goblin.
You kill the goblin!
The goblin shoots a sling bullet.
The sling bullet hits you.
You die...

##...:....#
...........#
.##.....g..#
#........#
#.....ggg#
#######g##
#g# #)# #@#
#.# #.# #.#
#.# #.# #..
##.


You could see a hobgoblin (strong) and 5 goblins.

Vanquished Creatures
  4 bats
  2 endoplasms (D:1)
  A goblin (D:2)
  5 hobgoblins
  4 jackals (D:2)
  3 quokkas
  2 ball pythons
  2 frilled lizards (D:1)
  2 kobolds
  3 rats (D:1)
28 creatures vanquished.

Notes
Turn   | Place    | Note
-------+----------+-------------------------------------------
     0 | D:1      | Amplified the Minotaur Alchemist began the quest for the
                  | Orb.
     0 | D:1      | Reached XP level 1. HP: 14/14 MP: 1/1
   157 | D:1      | Reached skill level 1 in Armour
   185 | D:1      | Reached skill level 1 in Fighting
   207 | D:1      | Reached XP level 2. HP: 21/23 MP: 3/3
   306 | D:1      | Reached skill level 1 in Maces & Flails
  1045 | D:2      | Reached XP level 3. HP: 29/29 MP: 4/4
  1136 | D:2      | Noticed Terence
  1155 | D:2      | Noticed Robin
  1166 | D:2      | Shot with a sling bullet by a goblin

Illustrated notes

Levels and vault maps discovered:
D:1:      lemuel_arrival_river_ford, layout_loops_corners,
          nicolae_figureground_sparkle
D:2:      layout_basic, serial_curves, eino_curves_03, eino_curves_04,
          eino_curves_03, eino_curves_04, basic_ecumenical_altar,
          hex_intersection, st_stairs_2, uniq_robin, uniq_terence

Skill      XL: |  1  2 |
---------------+-------+-----
Armour         | 1 |  1.7
Fighting       | 1 |  1.8
Maces & Flails | 1 |  1.3
Dodging        | |  2.1
Stealth        | |  1.5
Spellcasting   | |  1.4
Conjurations   | |  0.6
Alchemy        | |  2.1

Action                     || total
---------------------------++-------
  Melee: Whip              ||    88
         Unarmed           ||     5
         Headbutt          ||    11
         Punch             ||     2
    Use: Scroll            ||     6
         Potion            ||     2
   Stab: Sleeping          ||     1
 Armour: Scale mail        ||    55
         Robe              ||     1
  Dodge: Dodged            ||    55
  Block: Other             ||    25

Table legend: (Time is in decaauts)
 A = Elapsed time spent in this place.
 B = Non-inter-level travel time spent in this place.
 C = Inter-level travel time spent in this place.
 D = Time resting spent in this place.
 E = Time spent auto-exploring this place.
 F = Levels seen in this place.
 G = Mean time per level.
                   A        B        C        D        E       F      G
               +--------+--------+--------+--------+--------+-----+--------+
         Total |   1175 |   1166 |      9 |     47 |    867 |   2 |  587.5 |
       Dungeon |   1175 |   1166 |      9 |     47 |    867 |   2 |  587.5 |
               +--------+--------+--------+--------+--------+-----+--------+

Top non-repeatable levels by time:
     D:1: 978 daAuts
     D:2: 196 daAuts
